 Dungeon Crawl Stone Soup version 0.21.0-3-g78d12a8 (webtiles) character file.

47 Ignatius881 the Conjurer (level 3, -3/24 HPs)
             Began as a Mummy Conjurer on Jan 10, 2018.
             Slain by an ogre
             ... wielding a +0 giant club
              (6 damage)
             ... on level 2 of the Dungeon.
             The game lasted 00:04:50 (2245 turns).

Ignatius881 the Conjurer (Mummy Conjurer)           Turns: 2245, Time: 00:04:51

Health: -3/24      AC:  2    Str: 11    XL:     3   Next: 48%
Magic:  1/7        EV: 12    Int: 15    God:
Gold:   21         SH:  0    Dex: 12    Spells: 5/8 levels left

rFire    x . .     SeeInvis .   c - +0 club
rCold    + . .     Gourm    .   (no shield)
rNeg     + + +     Faith    +   a - +0 robe
rPois    ∞         Spirit   .   (no helmet)
rElec    .         Reflect  .   (no cloak)
rCorr    .         Harm     .   (no gloves)
MR       .....                  (no boots)
Stlth    +++.......             g - amulet of faith {!P}
HPRegen  0.08/turn              i - ring of stealth
MPRegen  0.10/turn              (no ring)

@: very slightly contaminated
A: no food or potions, fire vulnerability, cold resistance 1, negative energy
resistance 3, torment resistance, unbreathing
a: no special abilities


You were on level 2 of the Dungeon.
You were not hungry.

You visited 1 branch of the dungeon, and saw 2 of its levels.

You collected 21 gold pieces.

Inventory:

Hand Weapons
 c - a +0 club (weapon)
   (You took it off a hobgoblin on level 1 of the Dungeon)
Missiles
 b - 83 stones (quivered)
Armour
 a - a +0 robe (worn)
 k - a +1 helmet
   (You took it off Robin on level 2 of the Dungeon)
Jewellery
 g - an amulet of faith (around neck) {!P}
   (You found it on level 1 of the Dungeon)
 i - a ring of stealth (left hand)
   (You found it on level 2 of the Dungeon)
Scrolls
 d - a scroll of fear {unknown}
 f - a scroll of amnesia {unknown}
 h - 2 scrolls of identify {unknown}
 j - a scroll of remove curse {unknown}
Books
 e - a book of Conjurations


   Skills:
 + Level 2.1 Dodging
 - Level 1.5 Stealth
 + Level 3.3 Spellcasting
 * Level 3.8 Conjurations


You had 5 spell levels left.
You knew the following spells:

 Your Spells              Type           Power        Failure   Level  Hunger
a - Magic Dart            Conj           ##..         3%          1    N/A
b - Searing Ray           Conj           ##....       6%          2    N/A

Dungeon Overview and Level Annotations

Branches:
Dungeon (2/15)

Altars:
Ashenzari


Innate Abilities, Weirdness & Mutations

You do not eat or drink.
Your flesh is vulnerable to fire.
You are immune to poison.
Your flesh is cold resistant. (rC+)
You are immune to negative energy. (rN+++)
You are immune to unholy pain and torment.
You can survive without breathing.


Message History

You kill the leopard gecko!
Aim: a goblin, wielding a club The magic dart hits the goblin.
You miss the goblin. The goblin hits you with a club.
You hit the goblin but do no damage. The goblin hits you with a club.
You completely miss the goblin. The goblin barely misses you.
You hit the goblin. The goblin hits you with a club.
The goblin closely misses you.
You hit the goblin.
You kill the goblin!
You can't see any susceptible monsters within range! (Use Z to cast anyway.)
You start resting.
A goblin comes into view. It is wielding a club.
Aim: a goblin, wielding a club (hasn't noticed you)
The magic dart hits the goblin.
The goblin shouts!
The goblin moves out of view.
You start resting.
Aim: a goblin, wielding a club (moderately wounded)
The magic dart hits the goblin.
You kill the goblin!
You start resting.
You start resting.
Things that are here:
a club; a goblin corpse You see here a club.
k - a glowing helmet
Things that are here:
a short sword; an animal skin
Things that are here:
a club; a hunting sling
Found a robe.
Found a stone staircase leading down.
An ogre comes into view. It is wielding a giant club.
You can't see any susceptible monsters within range! (Use Z to cast anyway.)
The ogre shouts!
Aim: an ogre, wielding a giant club You miscast Searing Ray.
You are very lightly contaminated with residual magic.
You are momentarily dazzled by a flash of light!
Aim: an ogre, wielding a giant club The searing ray hits the ogre. (Press . to maintain the ray.)
The searing ray misses the ogre.
The ogre hits you with a giant club!
The searing ray hits the ogre.
The ogre completely misses you.
The searing ray hits the ogre.
You finish channeling your searing ray.
The ogre hits you with a giant club!
Ouch! That really hurt!
* * * LOW HITPOINT WARNING * * *
The ogre hits you with a giant club.
You die...

.#########.#######.####.#..#.#...
...).))......#.....####....#.#...
.######......................#...
........##.#.#####.######..###...
............................. .>.
....................#.####.##
........#..##..#.#..#.####
.#......#........O.......#
.#......#..##..#@##.#.##.#
........#..##..#.##.#.##.#
..........................
.#......#..##..#.#..#.##.##
+#####.....##..#.#..#.##.# ..#
#..........<#..#.##.# ..#
#.........#.#..#.##.# ..#
#......##...# # #.# ### #..#.#.#
#..#


You could see an ogre.

Vanquished Creatures
  Robin (D:2)
  A dart slug (D:1)
  2 leopard geckos (D:2)
  A giant cockroach (D:1)
  15 goblins
  4 hobgoblins
  4 bats (D:1)
  A frilled lizard (D:2)
29 creatures vanquished.

Notes
Turn   | Place    | Note
-------+----------+-------------------------------------------
     0 | D:1      | Ignatius881 the Mummy Conjurer began the quest for the Orb.
     0 | D:1      | Reached XP level 1. HP: 13/13 MP: 4/4
   604 | D:1      | Reached XP level 2. HP: 19/19 MP: 1/5
   649 | D:1      | Learned a level 2 spell: Searing Ray
  1492 | D:2      | Found a shattered altar of Ashenzari.
  1597 | D:2      | Noticed Robin
  1950 | D:2      | Reached XP level 3. HP: 24/24 MP: 5/7
  1982 | D:2      | Killed Robin
  2228 | D:2      | Noticed an ogre
  2245 | D:2      | Slain by an ogre

Skill      XL: |  1  2 |
---------------+-------+-----
Spellcasting   | 3 |  3.3
Dodging        | 2 |  2.1
Stealth        | |  1.5
Conjurations   | |  3.8

Action                   || total
-------------------------++-------
Melee: Unarmed           ||     7
       Club              ||    15
 Cast: Magic Dart        ||    52
       Searing Ray       ||     4
Armor: Robe              ||     9
Dodge: Dodged            ||    38
